 Dungeon Crawl Stone Soup version 0.23.0-3-gf3c87f2 (webtiles) character file.

Game seed: 9170514964173442897

28 Monsterracer the Gusty (level 3, -2/27 (28) HPs)
             Began as a Ghoul Air Elementalist on Feb 24, 2019.
             Slain by an adder (4 damage)
             ... on level 2 of the Dungeon.
             The game lasted 00:01:44 (1333 turns).

Monsterracer the Gusty (Ghoul Air Elementalist)     Turns: 1333, Time: 00:01:45

HP:   -2/27 (28)    AC:  2    Str: 12      XL:     3   Next: 14%
MP:   0/4           EV: 12    Int:  8      God:
Gold: 68            SH:  0    Dex:  7 (9)  Spells: 4/5 levels left

rFire    . . .     SeeInvis .     - Unarmed
rCold    + . .     Gourm    .   (no shield)
rNeg     + + +     Faith    .   a - +0 robe
rPois    ∞         Spirit   .   (no helmet)
rElec    .         Reflect  .   (no cloak)
rCorr    .         Harm     .   (no gloves)
MR       +....                  (no boots)
Stlth    ++........             (no amulet)
HPRegen  0.00/turn              M - ring of protection from magic
MPRegen  0.09/turn              k - -2 ring of intelligence (curse)

@: very slightly contaminated, rotting, invisible
A: rotting body, claws 1, carnivore, cold resistance 1, negative energy
resistance 3, inhibited regeneration, torment resistance, unbreathing
a: no special abilities


You were on level 2 of the Dungeon.
You were not hungry.

You visited 1 branch of the dungeon, and saw 2 of its levels.

You collected 68 gold pieces.


Innate Abilities, Weirdness & Mutations

Your body is rotting away.
You thrive on raw meat.
You are immune to poison.
You have sharp fingernails.
You are carnivorous and can eat meat at any time.
Your flesh is cold resistant. (rC+)
You are immune to negative energy. (rN+++)
You do not regenerate when monsters are visible.
You are immune to unholy pain and torment.
You can survive without breathing.


   Skills:
 + Level 1.4 Fighting
 - Level 1.7 Dodging
 - Level 2.1 Stealth
 * Level 2.4 Unarmed Combat
 - Level 1.7 Spellcasting
 - Level 0.7 Conjurations
 - Level 2.4 Air Magic


You had 4 spell levels left.
You knew the following spells:

 Your Spells              Type           Power        Failure   Level  Hunger
a - Shock                 Conj/Air       #...         19%         1    ##.....

Your spell library contained the following spells:

 Spells                   Type           Power        Failure   Level  Hunger
 Swiftness                Chrm/Air       #.......     34%         2    ###....
 Static Discharge         Conj/Air       #.......     50%         3    ####...
 Airstrike                Air            #.........   80%         4    #####..
 Lightning Bolt           Conj/Air       #.........   99%         5    ######.

Inventory:

Armour
 a - a +0 robe (worn)
Jewellery
 k - a cursed -2 ring of intelligence (right claw)
   (You found it on level 1 of the Dungeon)
 M - a ring of protection from magic (left claw)
   (You found it on level 1 of the Dungeon)
Scrolls
 d - 4 scrolls of remove curse {unknown}
 g - a scroll of identify {unknown}
 h - 2 scrolls of teleportation {unknown}
Potions
 e - a potion of mutation {!q}
 f - a potion of degeneration {unknown}
 i - a potion of curing {unknown}
 j - a potion of haste {unknown}
Comestibles
 c - 4 rations

Dungeon Overview and Level Annotations

Branches:
Dungeon (2/15)

Altars:

.#.# .....
!..# #..#
#..# ##...
#...######
#.#..S@..##
#...###...#
#?..).......#
#.#####...#.#
... #.## #
### .# .# .#


You could see an adder.


Message History

You scratch the adder but do no damage.
The adder is heavily wounded.
The adder misses you. The adder barely misses you.
You closely miss the adder.
The adder is heavily wounded.
The adder bites you.
You take 2 damage, and have 16/27 hp.
You miss the adder.
The adder is heavily wounded.
The adder bites you.
You take 1 damage, and have 15/27 hp.
You closely miss the adder.
The adder is heavily wounded.
The adder misses you.
You scratch the adder but do no damage.
The adder is heavily wounded.
The adder bites you. The adder barely misses you.
You take 1 damage, and have 14/27 hp.
You barely miss the adder.
The adder is heavily wounded.
The adder barely misses you.
You closely miss the adder.
The adder is heavily wounded.
The adder barely misses you.
You scratch the adder.
The adder is severely wounded.
The adder bites you.
* * * LOW HITPOINT WARNING * * *
You take 1 damage, and have 13/27 hp.
You scratch the adder.
The adder is almost dead.
The adder bites you.
* * * LOW HITPOINT WARNING * * *
The adder bites you.
* * * LOW HITPOINT WARNING * * *
You barely miss the adder.
The adder is severely wounded.
The adder completely misses you.
You take 6 damage, and have 7/27 hp.
MASSIVE DAMAGE!!
You closely miss the adder.
The adder is severely wounded.
The adder misses you.
You scratch the adder.
The adder is almost dead.
The adder closely misses you.
Unknown command.
You miss the adder.
The adder is severely wounded.
The adder bites you.
* * * LOW HITPOINT WARNING * * *
The adder closely misses you.
You take 4 damage, and have 3/27 hp.
Casting: Shock (safe; 19% risk of failure)
Confirm with . or Enter, or press ? or * to list all spells.
Aiming: Shock (safe; 19% risk of failure)
Press: ? - help, Shift-Dir - straight line
Okay, then.
Casting: Shock (safe; 19% risk of failure)
Confirm with . or Enter, or press ? or * to list all spells.
Aiming: Shock (safe; 19% risk of failure)
Press: ? - help, Shift-Dir - straight line The zap misses the adder.
The zap hits the adder.
The adder is almost dead.
The adder closely misses you.
You now have 3/4 mp.
Casting: Shock (safe; 19% risk of failure)
Confirm with . or Enter, or press ? or * to list all spells.
Aiming: Shock (safe; 19% risk of failure)
Press: ? - help, Shift-Dir - straight line You miscast Shock.
You are very lightly contaminated with residual magic.
Your skin glows momentarily.
The adder barely misses you. x2
You now have 2/4 mp.
Casting: Shock (safe; 19% risk of failure)
Confirm with . or Enter, or press ? or * to list all spells.
Aiming: Shock (safe; 19% risk of failure)
Press: ? - help, Shift-Dir - straight line You miscast Shock.
Sparks fly from your claws! The adder bites you but does no damage.
You now have 1/4 mp.
Casting: Shock (safe; 19% risk of failure)
Confirm with . or Enter, or press ? or * to list all spells.
Aiming: Shock (safe; 19% risk of failure)
Press: ? - help, Shift-Dir - straight line The zap misses the adder.
The zap hits the adder.
The adder is almost dead.
The adder closely misses you.
You now have 0/4 mp.
It was a potion of mutation.
You feel extremely strange.
Your body decomposes!
You feel clumsy.
Your body decomposes!
You feel clumsy. The adder bites you.
* * * LOW HITPOINT WARNING * * *
You take 1 damage, and have 2/27 hp.
It was a potion of invisibility.
You fade into invisibility!
The adder bites you.
You die...

Skill      XL: |  1  2 |
---------------+-------+-----
Unarmed Combat | 1 2 |  2.4
Fighting       | 1 |  1.4
Dodging        | |  1.7
Stealth        | |  2.1
Spellcasting   | |  1.7
Conjurations   | |  0.7
Air Magic      | |  2.4

Action                   || total
-------------------------++-------
Melee: Unarmed           ||   110
       Punch             ||     2
 Cast: Shock             ||     2
  Use: Potion            ||     2
 Stab: Sleeping          ||     3
  Eat: Chunk             ||    11
Armor: Robe              ||    24
Dodge: Dodged            ||    89

Levels and vault maps discovered:
D:1:      dpeg_arrival_tiny_g, layout_loops_corners
D:2:      minmay_chambers_of_ones, layout_loops_ring,
          chequers_ecumenical_altar_twisty, first_ration, uniq_robin,
          uniq_terence

Notes
Turn   | Place    | Note
-------+----------+-------------------------------------------
     0 | D:1      | Monsterracer the Ghoul Air Elementalist began the quest for
                  | the Orb.
     0 | D:1      | Reached XP level 1. HP: 14/14 MP: 2/2
   178 | D:1      | Reached skill level 1 in Unarmed Combat
   221 | D:1      | Reached XP level 2. HP: 13/22 MP: 3/3
   230 | D:1      | Reached skill level 1 in Fighting
   830 | D:1      | HP: 11/23 [hobgoblin (5)]
   847 | D:1      | Reached XP level 3. HP: 20/28 MP: 4/4
  1321 | D:2      | HP: 13/27 [adder (1)]
  1326 | D:2      | HP: 3/27 [adder (4)]
  1332 | D:2      | HP: 2/27 [adder (1)]
  1333 | D:2      | Slain by an adder

Vanquished Creatures
  A dart slug (D:1)
  2 giant cockroaches (D:1)
  3 goblins (D:1 D:2)
  4 hobgoblins (D:1)
  5 kobolds (D:1)
  A bat (D:1)
  2 frilled lizards (D:1)
  6 rats (D:1)
24 creatures vanquished.

Table legend:
 A = Turns spent in this place as a percentage of turns spent in the entire game.
 B = Non-inter-level travel turns spent in this place as a percentage of non-inter-level travel turns spent in the entire game.
 C = Inter-level travel turns spent in this place as a percentage of turns spent in this place.
 D = Turns resting spent in this place as a percentage of non-inter-level travel turns spent in this place.
 E = Turns spent auto-exploring this place as a percentage of non-inter-level travel turns spent in this place.
 F = Non-inter-level travel turns spent in this place divided by the number of levels of this place that you've seen.
                   A       B       C       D       E      F
               +-------+-------+-------+-------+-------+----------------------
         Total | 100.0 | 100.0 |   1.1 |   0.0 |  81.5 | 659.5
       Dungeon | 100.0 | 100.0 |   1.1 |   0.0 |  81.5 | 659.5
               +-------+-------+-------+-------+-------+----------------------

Table legend:
 A = Non-vault XP
 B = Vault XP
 C = Vault XP percentage of total XP
 D = Non-vault monster count
 E = Vault monster count
 F = Vault count percentage of total count
                 A         B        C        D         E       F
            +---------+---------+-------+---------+---------+-------
      Total |      41 |       0 |   0.0 |      24 |       0 |   0.0
            +---------+---------+-------+---------+---------+-------
        D:1 |      37 |       0 |   0.0 |      22 |       0 |   0.0
        D:2 |       4 |       0 |   0.0 |       2 |       0 |   0.0
            +---------+---------+-------+---------+---------+-------
